 Dungeon Sprint DCSS version 0.30.1-4-g462c640d31 (webtiles) character file.

Game seed: 11222285398147000683

439 Heoruswealwe the Unseen (level 6, -3/29 HPs)
             Began as a Spriggan Artificer on Aug 30, 2023.
             Was the Champion of Zin.
             Slain by Sonja
             ... wielding a +0 short sword of distortion
              (6 damage)
             ... in the Dungeon (Sprint I: "Red Sonja").
             The game lasted 00:03:17 (157 turns).

Heoruswealwe the Unseen (Spriggan Artificer)         Turns: 157, Time: 00:03:19

Health: -3/29      AC:  4    Str:  8    XL:     6   Next: 70%
Magic:  7/7        EV: 23    Int: 13    God:    Zin [******]
Gold:   316        SH:  0    Dex: 17    Spells: 5/5 levels left

rFire   . . .        a - +0 dagger
rCold   . . .        (no shield)
rNeg    . . .        c - +2 robe
rPois   .            (helmet restricted)
rElec   .            (no cloak)
rCorr   .            (gloves unavailable)
SInv    +            (boots unavailable)
Will    +....        (no amulet)
Stlth   ++++++       (no ring)
HPRegen 0.24/turn    (no ring)
MPRegen 0.10/turn

%: no teleportation
@: slowed, quick
A: very small, no large weapons, unfitting armour, see invisible, speed 3
a: Renounce Religion, Recite, Vitalisation, Imprison, Sanctuary, Donate Gold


You were in the Dungeon.
You worshipped Zin.
Zin was exalted by your worship.
You visited 1 branch You collected 351 gold pieces.
You donated 35 gold pieces to Zin.

Inventory:

Hand Weapons
 a - a +0 dagger (weapon)
Armour
 c - a +2 robe (worn)
Wands
 b - a wand of flame (7) (quivered)
 d - a wand of charming (15)
 e - a wand of iceblast (2)
 l - a wand of digging (4)
Scrolls
 k - a scroll of blinking
Potions
 h - a potion of haste
 i - 2 potions of magic
 j - a potion of berserk rage
 m - a potion of degeneration {unknown}


   Skills:
 - Level 0.7 Fighting
 + Level 10.0 Dodging
 * Level 15.5 Stealth
 + Level 10.3 Evocations


You had 5 spell levels left.
You didn't know any spells.
Your spell library was empty.

Dungeon Overview and Level Annotations

Branches:
Dungeon (1/1)

Altars:
Cheibriados
Dithmenos
Elyvilon
Fedhas
Gozag
Hepliaklqana
Kikubaaqudgha
Nemelex Xobeh
Okawaru
Qazlal
Ru
Sif Muna
Trog
Uskayaw
Vehumet
Wu Jian
Yredelemnul
Zin
The Shining One

Shops:
D [

Annotations:
D Sonja


Innate Abilities, Weirdness & Mutations

You are very small and have problems with some larger weapons.
You are too small for most types of armour.
You have supernaturally acute eyesight. (SInv)
You cover ground extremely quickly. (Speed+++)


Message History

You open the door.
Sonja, the Graceful Assassin comes into view.
She is wielding a +0 short sword of distortion and quivering curare-tipped darts.
Found 108 gold pieces.
There is an open door here.
Sonja shouts!
Sonja completely misses you.
Sonja hits you with a +0 short sword of distortion.
Space warps around you. Sonja barely misses you.
There is an open door here.
Aiming: Iceblast
Press: ? - help, Shift-Dir - straight line, f - Sonja
Aim: Sonja, wielding a +0 short sword of distortion and quivering curare-tipped darts The mass of ice explodes!
The iceblast engulfs Sonja!!
Sonja is heavily wounded.
Sonja throws a curare-tipped dart.
The curare-tipped dart hits you.
You are poisoned.
You have difficulty breathing.
You feel yourself slow down.
You feel much better.
You feel very sick. Sonja barely misses you. Sonja hits you but does no damage.
Sonja closely misses you.
Sonja hits you with a +0 short sword of distortion.
Sonja completely misses you. Sonja misses you.
You feel very sick.
Sonja throws a curare-tipped dart.
The curare-tipped dart hits you.
You are lethally poisoned!
You have difficulty breathing.
* * * LOW HITPOINT WARNING * * *
You feel as though you will be slow longer.
You feel better.
Sonja shouts, "Too slow!"
Sonja completely misses you. Sonja closely misses you. Sonja misses you.
Sonja attacks as you move away!
Sonja hits you with a +0 short sword of distortion.
Space warps around you.
* * * LOW HITPOINT WARNING * * *
Sonja hits you with a +0 short sword of distortion.
* * * LOW HITPOINT WARNING * * *
Space warps around you.
You die...

################
#<.#..'..#.['..#
#..)..#..'..#..+
#..#####'#####'#
#..####..#...#.#
#..#__####..##(#
#.)#_____##'#_.+
#⌠⌠#_.∩...'..._#
##.#_..__##_@#'#
#..#_____###K#(#
############.###
+$.$+ #$.$#
##.## #+#


You could see Sonja.

Vanquished Creatures
  Sigmund (D)
  A yak (D)
  An ogre (D)
  A jelly (D)
  Ijyb (D)
5 creatures vanquished.

Notes
Turn   | Place    | Note
-------+----------+-------------------------------------------
     0 | D        | Heoruswealwe the Spriggan Artificer began the quest for the
                  | Orb.
     0 | D        | Reached XP level 1. HP: 9/9 MP: 2/2
     1 | D        | Noticed Ijyb
     5 | D        | Killed Ijyb
     6 | D        | Reached skill level 6 in Stealth
     6 | D        | Reached skill level 5 in Evocations
     6 | D        | Reached XP level 2. HP: 14/14 MP: 3/3
    32 | D        | Noticed an ogre
    44 | D        | Killed an ogre
    45 | D        | Reached skill level 10 in Stealth
    45 | D        | Reached XP level 3. HP: 17/17 MP: 4/4
    45 | D        | Reached XP level 4. HP: 21/21 MP: 5/5
    66 | D        | Noticed Sigmund
    69 | D        | Killed Sigmund
    70 | D        | Reached skill level 13 in Stealth
    70 | D        | Reached XP level 5. HP: 25/25 MP: 6/6
    70 | D        | Reached XP level 6. HP: 29/29 MP: 7/7
    93 | D        | Found an ornate altar of the Wu Jian Council.
    93 | D        | Found a shimmering blue altar of Sif Muna.
    95 | D        | Found a radiant altar of Vehumet.
   129 | D        | Found Ecaa's Antique Armour Emporium.
   129 | D        | Found an ancient bone altar of Kikubaaqudgha.
   129 | D        | Found a hazy altar of Hepliaklqana.
   129 | D        | Found a stormy altar of Qazlal.
   129 | D        | Found a hide-covered altar of Uskayaw.
   129 | D        | Found a blossoming altar of Fedhas.
   129 | D        | Found a bloodstained altar of Trog.
   129 | D        | Found an iron altar of Okawaru.
   129 | D        | Found a basalt altar of Yredelemnul.
   129 | D        | Found a glowing golden altar of the Shining One.
   129 | D        | Found a snail-covered altar of Cheibriados.
   129 | D        | Found a sacrificial altar of Ru.
   129 | D        | Found a glowing silver altar of Zin.
   129 | D        | Found a shadowy altar of Dithmenos.
   129 | D        | Found a white marble altar of Elyvilon.
   129 | D        | Noticed a yak
   130 | D        | Found an opulent altar of Gozag.
   131 | D        | Killed a yak
   132 | D        | Reached skill level 10 in Dodging
   132 | D        | Reached skill level 15 in Stealth
   132 | D        | Reached skill level 10 in Evocations
   132 | D        | Found a sparkling altar of Nemelex Xobeh.
   138 | D        | Became a worshipper of Zin the Law-Giver
   138 | D        | Reached * piety under Zin
   138 | D        | Reached ** piety under Zin
   138 | D        | Reached *** piety under Zin
   138 | D        | Reached **** piety under Zin
   138 | D        | Reached ***** piety under Zin
   138 | D        | Reached ****** piety under Zin
   147 | D        | Noticed Sonja
   157 | D        | Slain by Sonja

Illustrated notes

Levels and vault maps discovered:
D:        dungeon_sprint_1 [red_sonja_temple_1, red_sonja_temple_small_1]

Skill      XL: |  1  2  3  4  5  6 |
---------------+-------------------+-----
Dodging        | 4 6 8 10 | 10.0
Stealth        | 6 10 13 15 | 15.5
Evocations     | 5 7 9 10 | 10.3
Fighting       | |  0.7

Action                     |  1- 3 |  4- 6 || total
---------------------------+-------+-------++-------
  Melee: Dagger            |       |     2 ||     2
  Evoke: Wand              |     9 |     3 ||    12
    Use: Potion            |       |     2 ||     2
   Stab: Sleeping          |       |     2 ||     2
 Armour: Robe              |       |     1 ||     1
  Dodge: Dodged            |     1 |    10 ||    11
